 Dungeon Crawl Stone Soup version 0.31-a0-233-g139696dc86 (webtiles) character file.

Game seed: 3744089131275872207

157042 SharpKris the Peltast (level 18, -21/145 HPs)
             Began as a Formicid Fighter on July 9, 2023.
             Was the Champion of Zin.
             Killed from afar by a merfolk aquamancer (42 damage)
             ... with a ball of steam
             ... on level 2 of the Shoals.
             The game lasted 01:26:58 (34856 turns).

SharpKris the Peltast (Formicid Fighter)           Turns: 34856, Time: 01:26:59

Health: -21/145    AC: 22    Str: 32    XL:     18   Next: 31%
Magic:  29/30      EV: 15    Int: 12    God:    Zin [******]
Gold:   1433       SH: 27    Dex: 21    Spells: 20/33 levels left

rFire   . . .        B - +11 Singing Sword {sonic wave}
rCold   + + .        N - +1 tower shield {rC+}
rNeg    + . .        X - +0 shadow dragon scales
rPois   ∞            (helmet unavailable)
rElec   +            c - +2 cloak {rCorr}
rCorr   +            (no gloves)
SInv    +            O - +0 pair of boots
Will    +....        f - amulet of reflection
Stlth   +++          H - ring "Foesk" {Wiz rElec rC+ Str+3}
HPRegen 0.44/turn    F - ring of positive energy
MPRegen 0.22/turn

%: reflection, wizardry (x1)
@: vitalised, spiked, on recite cooldown, mesmerised
A: permanent stasis, dig shafts and tunnels, antennae 3, four strong arms
a: Dig, Shaft Self, Renounce Religion, Recite, Vitalisation, Imprison,
Sanctuary, Donate Gold


You were on level 2 of the Shoals.
You worshipped Zin.
Zin was exalted by your worship.
You visited 6 branches of the dungeon, and saw 25 of its levels.
You also visited: Gauntlet and Ice Cave.

You collected 2970 gold pieces.
You spent 1319 gold pieces at shops.
You donated 218 gold pieces to Zin.

Inventory:

Hand Weapons
 y - a +9 arbalest of flaming
 A - the +5 Lochaber axe {reach-cleave, Poleaxe Drain}
   (You bought it in a shop on level 2 of the Snake Pit)

   Poleaxe:   It uses either Axes or Polearms skill, whichever is higher.
   Drain:     It drains your maximum health when unequipped.
 B - the +11 Singing Sword (weapon) {sonic wave}
   (You found it on level 4 of the Dungeon)
Missiles
 I - 8 poisoned darts (quivered)
 R - 6 silver javelins
Armour
 c - a +2 cloak of preservation (worn)
 m - the +6 ring mail "Coushomp" {Slay+2}
   (You found it on level 5 of the Lair of Beasts)

   Slay:      It affects your accuracy & damage with ranged weapons and melee
   (+2).
 p - a +3 chain mail of poison resistance
 N - a +1 tower shield of cold resistance (worn)
 O - a +0 pair of boots (worn)
 X - +0 shadow dragon scales (worn)
Jewellery
 b - a +6 ring of strength
 f - an amulet of reflection (around neck)
 t - a ring of resist corrosion
 C - a ring of magical power
 F - a ring of positive energy (right hand)
 H - the ring "Foesk" (left hand) {Wiz rElec rC+ Str+3}
   (You took it off an orc wizard on level 9 of the Dungeon)

   [ring of wizardry]

   It improves your spell success rate.
   Str:       It affects your strength (+3).
   rC:        It protects you from cold.
   rElec:     It insulates you from electricity.
Wands
 n - a wand of paralysis (2)
 w - a wand of quicksilver (27)
 E - a wand of flame (52)
 L - a wand of digging (13)
 V - a wand of mindburst (2)
Scrolls
 a - a scroll of torment {unknown}
 e - 5 scrolls of amnesia
 g - 2 scrolls of silence
 h - a scroll of identify
 k - 4 scrolls of fear
 o - 2 scrolls of fog
 s - 6 scrolls of enchant weapon
 x - 5 scrolls of enchant armour
 z - a scroll of butterflies
Potions
 d - 4 potions of might
 i - 11 potions of curing
 j - 2 potions of enlightenment
 l - 2 potions of cancellation
 q - 2 potions of resistance
 r - 2 potions of heal wounds
 G - 5 potions of brilliance
 T - 5 potions of invisibility
 Z - a potion of ambrosia
Miscellaneous
 U - a lightning rod (4/4)


   Skills:
 + Level 13.7 Fighting
 - Level 11.5 Long Blades
 + Level 4.8 Axes
 + Level 2.9 Ranged Weapons
 + Level 13.4 Armour
 + Level 11.0 Dodging
 - Level 15.0 Shields
 - Level 8.2 Spellcasting
 + Level 5.7 Hexes
 + Level 10.9 Poison Magic
 + Level 12.2 Invocations
 - Level 8.4 Evocations


You had 20 spell levels left.
You knew the following spells:

 Your Spells              Type           Power      Damage    Failure   Level
a - Passwall              Tmut/Erth      3%         N/A       45%         2
b - Olgreb's Toxic Radia  Pois           31%        N/A       4%          4
c - Ensorcelled Hibernat  Hex/Ice        22%        N/A       17%         2
d - Silence               Hex/Air        5%         N/A       95%         5

Your spell library contained the following spells:

 Spells                   Type           Power      Damage    Failure   Level
 Sting                    Tmut/Pois      72%        1d6       4%          1
 Poisonous Vapours        Pois/Air       36%        N/A       6%          2
 Confusing Touch          Hex            18%        N/A       11%         3
 Cigotuvi's Dreadful Rot  Necr/Pois/Air  26%        N/A       12%         2
 Spider Form              Tmut/Pois      18%        N/A       12%         3
 Mephitic Cloud           Conj/Pois/Air  13%        N/A       24%         3
 Dazzling Flash           Conj/Hex       22%        N/A       32%         3
 Inner Flame              Hex/Fire       11%        N/A       32%         3
 Portal Projectile        Hex/Tloc       22%        N/A       32%         3
 Beastly Appendage        Tmut           8%         N/A       34%         1
 Kiss of Death            Conj/Necr      16%        2d6       34%         1
 Sandblast                Erth           8%         2d5       34%         1
 Shock                    Conj/Air       16%        1d4       34%         1
 Sublimation of Blood     Necr           4%         N/A       45%         2
 Wereblood                Tmut           4%         N/A       45%         2
 Gell's Gravitas          Tloc           4%         N/A       69%         3
 Stone Arrow              Conj/Erth      8%         3d7       69%         3
 Teleport Other           Tloc           4%         N/A       69%         3
 Anguish                  Hex/Necr       5%         N/A       71%         4
 Yara's Violent Unravell  Hex/Tmut       5%         3d4       95%         5
 Airstrike                Air            2%         2d(1-17)  97%         4
 Animate Armour           Summ/Erth      8%         N/A       97%         4
 Dispel Undead            Necr           4%         3d7       97%         4
 Flame Wave               Conj/Fire      4%         2d5       97%         4
 Petrify                  Tmut/Erth      4%         N/A       97%         4
 Sticky Flame             Conj/Fire      4%         2d3       97%         4
 Summon Lightning Spire   Summ/Air       4%         N/A       97%         4
 Eringya's Noxious Bog    Tmut/Pois      9%         4d6       99%         6
 Agony                    Necr           4%         N/A       100%        5
 Blade Hands              Tmut           2%         N/A       100%        5
 Freezing Cloud           Conj/Ice/Air   2%         6-21      100%        5
 Irradiate                Conj/Tmut      2%         3d12      100%        5
 Summon Forest            Summ/Tloc      2%         N/A       100%        5
 Death Channel            Necr           2%         N/A       100%        6
 Haunt                    Necr/Summ      2%         N/A       100%        7
 Summon Hydra             Summ           2%         N/A       100%        7
 Borgnjor's Revivificati  Necr           2%         N/A       100%        8
 Discord                  Hex            9%         N/A       100%        8
 Ignition                 Fire           2%         3d3       100%        8
 Lehudib's Crystal Spear  Conj/Erth      2%         10d2      100%        8
 Blink                    Tloc           Unusable   N/A       N/A         2
 Swiftness                Air            Unusable   N/A       N/A         3
 Vhi's Electric Charge    Tloc/Air       Unusable   N/A       N/A         3

Dungeon Overview and Level Annotations

Branches:
Dungeon (11/15)            Temple (1/1) D:6            Lair (5/5) D:11
 Shoals (2/4) Lair:3        Snake (4/4) Lair:3        Slime (0/5) Lair:4
    Orc (2/2) D:10            Elf (0/3) Orc:2         IceCv (visited)
Gauntlet (visited)

Altars:
Ashenzari
Cheibriados
Dithmenos
Elyvilon
Fedhas
Gozag
Hepliaklqana
Kikubaaqudgha
Makhleb
Nemelex Xobeh
Okawaru
Qazlal
Ru
Sif Muna
Trog
Uskayaw
Vehumet
Wu Jian
Xom
Yredelemnul
Zin
The Shining One
Jiyva

Shops:
D:7 *   D:11 :   Orc:2 !!([   Snake:2 =?((

Portals:
Hell: Lair:5

Annotations:
Snake:3 1 runed translucent door, Nabuo's ghost, adept MiBe


Innate Abilities, Weirdness & Mutations

You cannot be hasted, slowed, berserked, paralysed or teleported.
You can dig through walls and to a lower floor.
You have a pair of large antennae on your head. (SInv)
Your four strong arms can wield two-handed weapons with a shield.


Message History

The merfolk siren is dazed by your recitation.
The water nymph is confused by your recitation.
The water nymph shouts!
You finish reciting Apostates 20:35.
The manticore flicks its tail.
The volley of spikes hits you.
The barbed spikes become lodged in your body.
The merfolk siren chants a haunting song.
You resist with almost no effort.
The merfolk aquamancer is engulfed in a cloud of scalding steam.
The merfolk aquamancer misses you.
The manticore flicks its tail.
The volley of spikes misses you.
The merfolk siren is lost in a daze.
Unknown command.
You are too injured to fight recklessly!
Unknown command.
You are too injured to fight recklessly!
You slash the merfolk aquamancer!
The Singing Sword shouts, "Hey, monsters!
SharpKris is over here!"
You send a blast of sound all around you.
The merfolk aquamancer is lightly wounded.
The merfolk aquamancer is almost dead.
The merfolk siren is severely wounded.
The merfolk is moderately wounded.
The manticore is severely wounded.
The merfolk aquamancer is almost dead.
You are engulfed in a cloud of scalding steam.
The merfolk aquamancer casts a spell at you.
The shard of ice hits you!! You partially resist.
* * * LOW HITPOINT WARNING * * *
The merfolk is lost in a daze.
The merfolk siren chants a haunting song.
You are mesmerised by the merfolk siren!
Unknown command.
Okay, then.
You closely miss the merfolk aquamancer.
The merfolk aquamancer is almost dead.
The merfolk aquamancer gestures at you while chanting.
The ball of steam hits you!!!
You die...

≈~~..~ ~~~~~≈ ≈~~...
~~~~~≈ ≈~....
##~~..~~≈≈≈≈≈....
##m~~~~...≈≈~..... #.
###..~~≈§~~.....##..
#~~###.....~≈~~≈.........
#.~..~~...~~§§..........
####.~m@§.§.≈≈~.........
.....~~))~..≈≈≈≈~......#.
.....m~Hm~.§≈≈≈≈≈........
....~~~~.).~~~≈≈........~
.....~~~.....~~~.#..~~...
...........~~≈..###.~~~~~
...........~~..## #.~~~≈≈
..........~~..## ##..~~≈≈
..|.###..~~..# ##....~~≈


You could see 2 merfolk aquamancers, a merfolk (dazed), a manticore and a
merfolk siren (mesmerising, dazed).

Vanquished Creatures
  A kraken (Shoals:1)
  A nagaraja (Snake:2)
  Aizul (Shoals:1)
  An orc warlord (Orc:1)
  A minotaur (Gauntlet)
  2 merfolk impalers (Shoals:1)
  Fannar (Orc:1)
  An ogre mage (Orc:1)
  5 hydras
  A hell beast (Lair:5)
  2 ironbound frosthearts (IceCv)
  3 boulder beetles
  5 two-headed ogres
  Erica (D:8)
  3 merfolk aquamancers (Shoals:2)
  10 anacondas
  14 death yaks
  7 naga warriors
  10 naga sharpshooters
  An orc high priest (Orc:2)
  3 shock serpents
  4 salamander mystics
  5 skysharks
  Lodul (D:11)
  A sea snake (Shoals:1)
  5 naga ritualists
  A wizard (Lair:5)
  Pikel (D:7)
  5 harpies (Shoals:1)
  9 mana vipers
  3 orc knights
  An orc sorcerer (Orc:2)
  3 fauns (Shoals:2)
  4 cyclopes
  16 salamanders
  3 large abominations (Gauntlet)
  8 manticores
  Maurice (D:10)
  9 elephants
  20 naga magi
  A smoke demon (Lair:5)
  34 black mambas
  3 water nymphs
  An ice statue (IceCv)
  4 guardian serpents
  2 torpor snails (Lair:5)
  4 orange demons (Lair:5)
  4 merfolk sirens
  9 cane toads
  5 rime drakes
  An unseen horror (D:11)
  A kobold demonologist (D:9)
  7 komodo dragons
  7 trolls
  A red devil (Lair:5)
  An ice devil (Lair:5)
  7 merfolk
  12 polar bears
  Prince Ribbit (D:6)
  3 wind drakes
  A wolf spider simulacrum (Gauntlet)
  30 blink frogs
  5 dream sheep
  5 flying skulls (Gauntlet)
  2 snapping turtles (Shoals:1)
  A centaur simulacrum (Gauntlet)
  62 yaks
  2 water elementals (Shoals:1)
  6 wyverns
  2 wraiths
  5 basilisks
  A hog (D:9)
  5 steam dragons
  4 small abominations (Gauntlet)
  Menkaure (D:5)
  Grum (D:11)
  2 wargs
  38 nagas
  11 vampire mosquitoes
  4 acid dragons
  3 hell hounds (Lair:5)
  17 water moccasins
  39 orc warriors
  3 sky beasts
  An ice dragon simulacrum (Gauntlet)
  10 black bears
  2 ice beasts (D:5)
  13 ogres
  36 wolves
  22 centaurs
  A lemure (D:7)
  2 phantoms
  4 kobold brigands
  17 bullfrogs
  A gnoll sergeant (D:9)
  5 scorpions
  4 wights
  11 killer bees
  10 electric eels
  5 howler monkeys
  9 orc priests
  2 gnoll boudas
  2 hounds
  7 jellies
  2 sleepcaps (D:5)
  3 iguanas (D:5)
  23 orc wizards
  A boggart simulacrum (Gauntlet)
  A gnoll (D:5)
  14 adders
  A shadow imp (D:6)
  2 ufetubi (D:6)
  3 worms (D:2)
  3 dart slugs
  68 orcs
  14 bats
  8 endoplasms
  5 giant cockroaches
  3 goblins
  12 hobgoblins
  5 jackals
  6 quokkas
  11 ball pythons
  3 frilled lizards
  12 kobolds
  8 rats
  6 tentacles (Shoals:1)
910 creatures vanquished.

Vanquished Creatures (others)
  A naga warrior (Snake:1)
  A naga mage (Snake:3)
  A yak (D:5)
  26 tentacles (Shoals:1)
29 creatures vanquished.

Grand Total: 939 creatures vanquished

Notes
Turn   | Place    | Note
-------+----------+-------------------------------------------
     0 | D:1      | SharpKris the Formicid Fighter began the quest for the Orb.
     0 | D:1      | Reached XP level 1. HP: 18/18 MP: 1/1
   306 | D:1      | Reached XP level 2. HP: 21/24 MP: 2/2
   450 | D:1      | Reached XP level 3. HP: 29/29 MP: 4/4
   746 | D:2      | Reached skill level 1 in Spellcasting
   810 | D:2      | Reached XP level 4. HP: 37/37 MP: 5/5
   848 | D:2      | Reached skill level 1 in Dodging
  1349 | D:2      | Reached XP level 5. HP: 38/42 MP: 7/7
  1918 | D:3      | Found a burning altar of Makhleb.
  2300 | D:4      | Reached XP level 6. HP: 41/48 MP: 8/8
  2651 | D:4      | Reached skill level 5 in Shields
  2697 | D:4      | Found the +11 Singing Sword {sonic wave}
  2804 | D:5      | Entered Level 5 of the Dungeon
  2849 | D:5      | Noticed Menkaure
  2854 | D:5      | Killed Menkaure
  2855 | D:5      | Reached XP level 7. HP: 55/55 MP: 10/10
  3047 | D:5      | Found a blossoming altar of Fedhas.
  3203 | D:5      | Found a broken altar of Ashenzari.
  3297 | D:5      | Reached skill level 5 in Fighting
  3297 | D:5      | Reached skill level 1 in Evocations
  3304 | D:5      | Reached skill level 1 in Long Blades
  3304 | D:5      | Reached XP level 8. HP: 62/62 MP: 12/12
  3313 | D:5      | Reached skill level 6 in Shields
  3316 | D:5      | Reached skill level 5 in Armour
  3460 | D:5      | Noticed a yak
  3462 | D:5      | Killed a yak
  3466 | D:5      | Reached XP level 9. HP: 60/69 MP: 14/14
  3561 | D:5      | Found an opulent altar of Gozag.
  3932 | D:6      | Identified the +8 dagger of the Holding Gnat {freeze, Str+2
                  | Int+3}
  3941 | D:6      | Found a staircase to the Ecumenical Temple.
  3947 | Temple   | Entered the Ecumenical Temple
  4044 | Temple   | Became a worshipper of Zin the Law-Giver
  4044 | Temple   | Reached * piety under Zin
  4044 | Temple   | Reached ** piety under Zin
  4102 | D:6      | Noticed Prince Ribbit
  4113 | D:6      | Killed Prince Ribbit
  4114 | D:6      | Reached skill level 7 in Shields
  4714 | D:7      | Reached XP level 10. HP: 74/77 MP: 17/17
  4739 | D:7      | Found a white marble altar of Elyvilon.
  5125 | D:7      | Found Fiheiteb's CLEARANCE SALE!.
  5286 | D:7      | Noticed Pikel
  5291 | D:7      | Killed Pikel
  5292 | D:7      | Reached skill level 8 in Shields
  5292 | D:7      | Reached skill level 5 in Spellcasting
  5436 | D:7      | Found a bloodstained altar of Trog.
  5443 | D:7      | Found a shimmering blue altar of Sif Muna.
  5453 | D:7      | Got Sif Muna's Almanac of the Mutated Assassin
  5606 | D:8      | Reached skill level 5 in Dodging
  5767 | D:8      | Reached skill level 5 in Evocations
  5814 | D:8      | Found a hazy altar of Hepliaklqana.
  6056 | D:8      | Reached skill level 1 in Invocations
  6066 | D:8      | Reached skill level 5 in Long Blades
  6295 | D:8      | Noticed Erica
  6299 | D:8      | Killed Erica
  6300 | D:8      | Reached XP level 11. HP: 55/85 MP: 19/19
  6306 | D:8      | Reached *** piety under Zin
  6576 | D:9      | Noticed a two-headed ogre
  6580 | D:9      | Killed a two-headed ogre
  6581 | D:9      | Reached skill level 9 in Shields
  7300 | D:9      | Identified the ring "Foesk" {Wiz rElec rC+ Str+3}
  7302 | D:9      | Noticed a sun demon
  7326 | D:9      | Noticed a two-headed ogre
  7337 | D:9      | Killed a two-headed ogre
  8099 | D:9      | Noticed a manticore
  8108 | D:9      | Killed a manticore
  8145 | D:9      | Noticed a two-headed ogre
  8160 | D:9      | Killed a two-headed ogre
  8161 | D:9      | Reached XP level 12. HP: 47/94 MP: 21/21
  8582 | D:9      | Noticed a two-headed ogre
  8811 | D:9      | Reached **** piety under Zin
  8864 | D:9      | Reached skill level 10 in Shields
  9049 | D:9      | Killed a two-headed ogre
  9105 | D:9      | Identified the +0 helmet of the Little Devil {Int+4}
  9142 | D:9      | Found a sacrificial altar of Ru.
  9777 | D:9      | Learned a level 2 spell: Passwall
  9829 | D:10     | Entered Level 10 of the Dungeon
  9866 | D:10     | Noticed Maurice
  9878 | D:10     | Killed Maurice
  9879 | D:10     | Reached skill level 5 in Invocations
  9956 | D:10     | Found a shimmering altar of Xom.
 10569 | D:10     | Found a glowing golden altar of the Shining One.
 10825 | D:10     | Found a staircase to the Orcish Mines.
 10831 | D:10     | Reached ***** piety under Zin
 11103 | D:11     | Noticed Lodul
 11126 | D:11     | Killed Lodul
 11387 | D:11     | Reached XP level 13. HP: 38/101 MP: 21/24
 11390 | D:11     | Noticed Grum
 11402 | D:11     | Killed Grum
 11766 | D:11     | Found a staircase to the Lair.
 11776 | D:11     | Found Omirherrol's Book Shoppe.
 12167 | Lair:1   | Entered Level 1 of the Lair of Beasts
 12183 | Lair:1   | Reached skill level 11 in Shields
 12295 | Lair:1   | Found a frozen archway.
 12369 | IceCv    | Entered an ice cave
 12894 | IceCv    | Reached ****** piety under Zin
 12954 | IceCv    | Reached skill level 10 in Fighting
 13107 | IceCv    | Noticed an ironbound frostheart
 13137 | IceCv    | Noticed an ironbound frostheart
 13139 | IceCv    | Killed an ironbound frostheart
 13151 | IceCv    | Killed an ironbound frostheart
 13512 | Lair:1   | Learned a level 4 spell: Olgreb's Toxic Radiance
 13659 | Lair:1   | Reached skill level 10 in Armour
 13661 | Lair:1   | Reached skill level 1 in Poison Magic
 13662 | Lair:1   | Reached XP level 14. HP: 94/110 MP: 26/26
 13859 | Lair:1   | Identified the +5 long sword "Ant's Doom" {holy, Int+6}
 14776 | Lair:2   | Reached skill level 12 in Shields
 16349 | Lair:3   | Found a staircase to the Snake Pit.
 16675 | Lair:3   | Found a staircase to the Shoals.
 17037 | Lair:4   | Found a shimmering altar of Xom.
 17079 | Lair:3   | Reached skill level 5 in Poison Magic
 17230 | Lair:4   | Reached XP level 15. HP: 95/118 MP: 27/27
 17249 | Lair:4   | Found a gate leading to a gauntlet.
 17265 | Gauntlet | Entered a Gauntlet
 17265 | Gauntlet | Found a transporter.
 17265 | Gauntlet | Found a transporter.
 17290 | Gauntlet | Found a transporter.
 17290 | Gauntlet | Found a transporter.
 17297 | Gauntlet | Noticed a cacodemon
 17299 | Gauntlet | Found a transporter.
 17320 | Gauntlet | Found a transporter.
 17328 | Gauntlet | Found a transporter.
 17328 | Gauntlet | Found a transporter.
 17359 | Gauntlet | Found a transporter.
 17416 | Gauntlet | Found a transporter.
 17430 | Gauntlet | Found a transporter.
 17443 | Gauntlet | Found a transporter.
 17515 | Gauntlet | Found a transporter.
 17530 | Gauntlet | Found a transporter.
 17544 | Gauntlet | Found a transporter.
 17557 | Gauntlet | Found a transporter.
 18258 | Gauntlet | Identified the amulet of Propriety {Faith Dex+3}
 18343 | Gauntlet | Got the Catalogue of Maleficia and Transportation
 18347 | Gauntlet | Identified the +0 buckler of the Robin {rPois Str+3 Int+2
                  | Stlth+}
 18348 | Gauntlet | Got the Tome of the Excursion
 18354 | Gauntlet | Got the Essays on Open Graves
 18605 | Lair:4   | Found a viscous altar of Jiyva.
 18610 | Lair:4   | Found a staircase to the Slime Pits.
 18619 | Lair:4   | Reached skill level 13 in Shields
 19626 | Lair:5   | Entered Level 5 of the Lair of Beasts
 20755 | Lair:5   | Identified the +6 ring mail "Coushomp" {Slay+2}
 21339 | Lair:5   | Reached skill level 10 in Long Blades
 21510 | Lair:5   | Found a burning altar of Makhleb.
 21533 | Lair:5   | Reached skill level 10 in Invocations
 21533 | Lair:5   | HP: 6/120 [hell hound/blast of flame (9)]
 21540 | Lair:5   | HP: 5/120 [burnt (9)]
 21814 | Lair:5   | Found a gateway to Hell.
 22165 | Orc:1    | Entered Level 1 of the Orcish Mines
 22172 | Orc:1    | Reached XP level 16. HP: 127/127 MP: 28/28
 22837 | Orc:2    | Entered Level 2 of the Orcish Mines
 23223 | Orc:2    | Reached skill level 14 in Shields
 23367 | Orc:2    | Found Myweedism's Distillery.
 23376 | Orc:2    | Bought a potion of resistance for 150 gold pieces
 23662 | Orc:2    | Found a staircase to the Elven Halls.
 23802 | Orc:2    | Found Henekku's Weapon Emporium.
 23802 | Orc:2    | Found Tiasas's General Store.
 23804 | Orc:2    | Found Kigrai's Armour Boutique.
 23806 | Orc:2    | Found Odob's Distillery.
 23812 | Orc:2    | Bought a potion of heal wounds for 85 gold pieces
 23812 | Orc:2    | Bought a potion of heal wounds for 85 gold pieces
 23812 | Orc:2    | Bought a potion of curing for 51 gold pieces
 23812 | Orc:2    | Bought a potion of curing for 51 gold pieces
 24267 | Orc:1    | Noticed Fannar
 24279 | Orc:1    | Killed Fannar
 24606 | Snake:1  | Entered Level 1 of the Snake Pit
 24936 | Snake:1  | Reached skill level 10 in Dodging
 26024 | Snake:1  | Learned a level 2 spell: Ensorcelled Hibernation
 26030 | Snake:1  | Learned a level 5 spell: Silence
 26294 | Snake:2  | Reached skill level 1 in Hexes
 27180 | Snake:2  | Noticed a nagaraja
 27191 | Snake:2  | Killed a nagaraja
 27419 | Snake:2  | Reached XP level 17. HP: 133/135 MP: 29/29
 27476 | Snake:2  | Found Aryr's Weapon Emporium.
 27476 | Snake:2  | Found Ongy's Magic Scroll Shoppe.
 27500 | Snake:2  | Found Syam's Jewellery Shoppe.
 27501 | Snake:2  | Found Ivocujoma's Weapon Emporium.
 27819 | Snake:2  | Bought a scroll of identify for 28 gold pieces
 27819 | Snake:2  | Bought a scroll of enchant armour for 105 gold pieces
 27819 | Snake:2  | Bought a scroll of identify for 28 gold pieces
 27819 | Snake:2  | Bought a scroll of identify for 28 gold pieces
 27835 | Snake:2  | Bought the +5 Lochaber axe {reach-cleave, Poleaxe Drain}
                  | for 708 gold pieces
 27835 | Snake:2  | Found the +5 Lochaber axe {reach-cleave, Poleaxe Drain}
 28348 | Snake:3  | Reached skill level 15 in Shields
 28420 | Snake:3  | Reached skill level 10 in Poison Magic
 29037 | Snake:3  | Identified the +6 war axe "Zynloq" {heavy, Int+2}
 29274 | Snake:3  | Identified the +9 longbow of Okkacsaqi {heavy, Int+3}
 29670 | Snake:3  | Reached skill level 1 in Ranged Weapons
 29972 | Snake:3  | Found a runed translucent door.
 29973 | Snake:3  | Found a shimmering altar of Xom.
 29973 | Snake:3  | Noticed Nabuo's ghost (adept MiBe)
 30018 | Snake:4  | Entered Level 4 of the Snake Pit
 31963 | Shoals:1 | Entered Level 1 of the Shoals
 31980 | Shoals:1 | Noticed Aizul
 31994 | Shoals:1 | Killed Aizul
 32126 | Shoals:1 | Noticed a kraken
 32477 | Shoals:1 | Reached skill level 5 in Hexes
 33038 | Shoals:1 | Reached XP level 18. HP: 136/144 MP: 30/30
 33857 | Shoals:1 | Found an iron altar of Okawaru.
 33862 | Shoals:1 | Noticed a kraken
 34049 | Shoals:1 | Killed a kraken
 34840 | Shoals:2 | Identified the +4 quarterstaff of the Asp {holy, rN+}
 34856 | Shoals:2 | Killed from afar by a merfolk aquamancer

Illustrated notes

Levels and vault maps discovered:
D:1:      minmay_arrival_widening_spiral_narrow, layout_rooms
D:2:      layout_rooms, serial_bayou, serial_bayou_pond_b,
          serial_bayou_lagoon_a, serial_bayou_pond_d, serial_bayou_pond_c,
          nicolae_titane
D:3:      layout_rooms, lemuel_coloured_pillars_altar
D:4:      old_forge, layout_loops_ring
D:5:      kennysheep_windowed_halls, layout_loops_cross,
          mainiacjoe_overflow_big_doors, amcnicky_altar_gilded, uniq_menkaure
D:6:      layout_rooms, minmay_temple_entry_fiery, uniq_prince_ribbit1
D:7:      layout_basic, nzn_overflow_gifts_of_might_and_magic, elyvilon_altar_5,
          roderic_serpentine_path, nicolae_shop_clearance, uniq_pikel
D:8:      layout_loops_ring, mainiacjoe_overflow_alcove_4, uniq_erica
D:9:      kennysheep_town
D:10:     layout_irregular_city, mainiacjoe_overflow_swirl, david_orc_4,
          hive_lemuel, uniq_maurice
D:11:     layout_small_grid, grunt_lair_entry_orc_guard_hut, serial_shops, shop,
          st_stairs_14, uniq_grum, uniq_lodul
Temple:   nicolae_temple_godzebo
Lair:1:   layout_regular_city, portal_ice_cave_entry_pillars_1,
          chequers_serial_rivers_room_a, serial_bayou_shore_a
Lair:2:   layout_cave_pods
Lair:3:   layout_regular_city, minmay_shoals_entry_lonely_mermaid,
          minmay_snake_entry_guardpost_small, lemuel_fruit_fields
Lair:4:   layout_loops_ring, nicolae_slime_entry_field_trip,
          gauntlet_entry_generic, basic_altar, grunt_megastairs_4
Lair:5:   evil_forest, layout_small_grid
Shoals:1: layout_shoals, wheals_shoals_ruined_temple, uniq_aizul
Shoals:2: nicolae_shoals_mermall, layout_shoals, nicolae_shoals_aquamancer_cove
Snake:1:  layout_misc_corridors
Snake:2:  layout_grid_shapes, minmay_shoptagon, grunt_megastairs_2
Snake:3:  layout_gridlike, ebering_ghost_xom, st_stairs_3
Snake:4:  snake_pit, layout_cave_town, nicolae_shop_i_like_small_books_too,
          uniq_kirke
Orc:1:    cheibrodos_orc_bank, layout_caves, mines4_lemuel, uniq_fannar
Orc:2:    st_orc_rangers, layout_caves, serial_shops,
          nicolae_shop_industrial_runoff

Skill      XL: |  1  2  3  4  5  6  7  8  9 10 11 12 13 14 15 16 17 18 |
---------------+-------------------------------------------------------+-----
Spellcasting   | 1 2 3 4 5 6 7 8 |  8.2
Dodging        | 1 2 3 4 5 6 7 8 9 10 11 | 11.0
Fighting       | 4 5 6 7 8 9 10 11 12 13 | 13.7
Armour         | 4 5 6 7 8 9 10 11 12 13 | 13.4
Axes           | 3 4 |  4.8
Shields        | 5 6 7 8 9 10 11 12 13 14 15 | 15.0
Evocations     | 1 2 4 5 6 7 8 |  8.4
Long Blades    | 1 2 3 5 6 7 8 9 10 11 | 11.5
Invocations    | 2 4 5 7 8 10 11 12 | 12.2
Poison Magic   | 1 5 7 9 10 | 10.9
Hexes          | 1 5 |  5.7
Ranged Weapons | 2 |  2.9

Action                     |  1- 3 |  4- 6 |  7- 9 | 10-12 | 13-15 | 16-18 || total
---------------------------+-------+-------+-------+-------+-------+-------++-------
  Melee: War axe           |    69 |   180 |       |       |       |       ||   249
         Double sword      |       |     2 |    97 |   330 |   802 |   825 ||  2056
   Fire: Arbalest          |       |       |       |    31 |       |    20 ||    51
         Sling             |       |       |       |    14 |       |       ||    14
  Throw: Dart              |       |       |     1 |     1 |       |    61 ||    63
 Invoke: Vitalisation      |       |       |       |     2 |     4 |    10 ||    16
         Recite            |       |       |       |       |     3 |     7 ||    10
         Imprison          |       |       |       |       |       |     1 ||     1
         Sanctuary         |       |       |       |       |       |     1 ||     1
  Evoke: Wand              |       |       |       |     1 |    18 |     1 ||    20
    Use: Scroll            |       |       |     6 |     5 |     9 |    13 ||    33
         Potion            |       |       |       |       |     7 |     1 ||     8
   Stab: Paralysed         |       |       |       |     4 |    19 |     1 ||    24
         Invisible         |       |       |       |       |     1 |       ||     1
         Sleeping          |       |       |       |       |     3 |     3 ||     6
         Distracted        |       |       |       |       |     1 |       ||     1
         Confused          |       |       |       |       |       |     5 ||     5
 Armour: Scale mail        |    52 |    51 |       |       |       |       ||   103
         Quicksilver drago |       |    47 |    23 |   128 |   141 |       ||   339
         Shadow dragon sca |       |       |       |       |   134 |   251 ||   385
  Dodge: Dodged            |    44 |   112 |    49 |   260 |   376 |   265 ||  1106
  Block: Buckler           |    21 |    94 |    63 |   263 |    86 |       ||   527
         Reflection        |       |       |     2 |    20 |    11 |   218 ||   251
         Tower shield      |       |       |       |       |  1036 |  1225 ||  2261

Table legend: (Time is in decaauts)
 A = Elapsed time spent in this place.
 B = Non-inter-level travel time spent in this place.
 C = Inter-level travel time spent in this place.
 D = Time resting spent in this place.
 E = Time spent auto-exploring this place.
 F = Levels seen in this place.
 G = Mean time per level.
                   A        B        C        D        E       F      G
               +--------+--------+--------+--------+--------+-----+--------+
         Total |  35559 |  33829 |   1730 |  10100 |  16476 |  27 | 1317.0 |
       Dungeon |  12805 |  11943 |    862 |   1927 |   7622 |  11 | 1164.1 |
        Temple |    138 |    116 |     22 |      0 |     80 |   1 |  138.0 |
          Lair |   7662 |   7188 |    474 |   1630 |   4187 |   5 | 1532.4 |
        Shoals |   3023 |   2999 |     24 |   1209 |   1068 |   2 | 1511.5 |
     Snake Pit |   7365 |   7199 |    166 |   4106 |   1696 |   4 | 1841.2 |
  Orcish Mines |   2289 |   2109 |    180 |    641 |   1033 |   2 | 1144.5 |
      Ice Cave |   1147 |   1147 |      0 |    376 |    474 |   1 | 1147.0 |
      Gauntlet |   1126 |   1126 |      0 |    211 |    314 |   1 | 1126.0 |
               +--------+--------+--------+--------+--------+-----+--------+

Top non-repeatable levels by time:
     D:9: 3387 daAuts
 Snake:3: 2892 daAuts
Shoals:1: 2772 daAuts
 Snake:2: 2255 daAuts
  Lair:5: 2187 daAuts
 Snake:1: 2006 daAuts
  Lair:2: 1706 daAuts
    D:10: 1539 daAuts
  Lair:3: 1397 daAuts
   Orc:1: 1324 daAuts
  Lair:4: 1228 daAuts
   IceCv: 1147 daAuts
  Lair:1: 1142 daAuts
    D:11: 1142 daAuts
Gauntlet: 1126 daAuts
